 Dungeon Crawl Stone Soup version 0.23.2-40-g277498a001 (webtiles) character file.

Game seed: 16464619346706038836

11790 Emblim88 the Thaumaturge (level 11, 0/86 HPs)
             Began as a Gnoll Warper on Aug 24, 2019.
             Was a High Priest of Wu Jian.
             Slain by a freezing wraith (9 damage)
             ... on level 11 of the Dungeon.
             The game lasted 01:01:53 (17414 turns).

Emblim88 the Thaumaturge (Gnoll Warper)            Turns: 17414, Time: 01:01:54

Health: 0/86       AC: 14    Str: 14    XL:     11   Next: 83%
Magic:  23/23      EV: 18    Int: 15    God:    Wu Jian [*****.]
Gold:   479        SH:  0    Dex: 20    Spells: 11/26 levels left

rFire    . . .     SeeInvis .   q - +3 falchion (freeze)
rCold    . . .     Gourm    .   (no shield)
rNeg     + . .     Faith    .   E - +1 ring mail "Ziemy" {rElec rPois Dex+2}
rPois    +         Spirit   .   G - +2 hat
rElec    +         Reflect  .   H - +0 cloak
rCorr    .         Harm     .   (no gloves)
MR       .....                  t - +2 pair of boots
Stlth    +++.......             D - amulet of magic regeneration
HPRegen  0.24/turn              b - +2 ring of evasion
MPRegen  0.43/turn              u - ring of positive energy

@: slowed, very slow
A: distributed training, fangs 1, strong nose
a: Wall Jump, Serpent's Lash, Heavenly Storm, Renounce Religion


You were on level 11 of the Dungeon.
You worshipped Wu Jian.
Wu Jian was extremely pleased with you.
You were not hungry.

You visited 1 branch of the dungeon, and saw 11 of its levels.

You collected 681 gold pieces.
You spent 202 gold pieces at shops.

Inventory:

Hand Weapons
 a - a +0 blowgun
 f - a +0 shortbow
 p - a +3 trident of piercing
 q - a +3 falchion of freezing (weapon)
 C - a +0 great sword
 J - a +1 dagger of flaming
Missiles
 x - 82 poisoned needles (quivered)
 y - 252 arrows
 B - 23 tomahawks
 Q - 4 tomahawks of returning
Armour
 t - a +2 pair of boots (worn)
 E - the +1 ring mail "Ziemy" (worn) {rElec rPois Dex+2}
   (You took it off an orc on level 9 of the Dungeon)

   It affects your dexterity (+2).
   It insulates you from electricity.
   It protects you from poison.
 G - a +2 hat (worn)
 H - a +0 cloak (worn)
 P - a +2 buckler
 S - a +3 leather armour of positive energy
Jewellery
 b - a +2 ring of evasion (left hand)
 c - an uncursed ring of wizardry
 g - an uncursed amulet of the gourmand
 k - a +4 ring of evasion
 s - an uncursed ring of protection from fire
 u - a ring of positive energy (right hand)
 z - an uncursed ring of magical power
 D - an amulet of magic regeneration (around neck)
Wands
 e - a wand of clouds (6)
 r - a wand of random effects (16)
 F - a wand of iceblast (8)
 O - a wand of flame (14)
 R - a wand of disintegration (7)
Scrolls
 i - 6 scrolls of amnesia
 l - 3 scrolls of enchant weapon
 n - 3 scrolls of magic mapping
 o - 4 scrolls of remove curse
 v - 3 scrolls of fog
 A - 3 scrolls of teleportation
 M - a scroll of enchant armour
Potions
 h - 4 potions of brilliance
 j - a potion of curing
 m - a potion of mutation {unknown}
 w - a potion of lignification
 I - 2 potions of ambrosia
 K - a potion of cancellation
 L - a potion of resistance
 N - 2 potions of agility
Comestibles
 d - 9 rations


   Skills:
 + Level 8.1 Fighting
 + Level 6.5 Short Blades
 + Level 8.1 Long Blades
 + Level 6.5 Axes
 + Level 6.5 Maces & Flails
 + Level 6.5 Polearms
 + Level 6.5 Staves
 + Level 6.5 Slings
 + Level 6.5 Bows
 + Level 6.5 Crossbows
 + Level 7.1 Throwing
 + Level 7.1 Armour
 + Level 8.1 Dodging
 + Level 6.5 Stealth
 + Level 6.5 Shields
 + Level 6.5 Unarmed Combat
 + Level 8.3 Spellcasting
 + Level 5.4 Conjurations
 + Level 5.4 Hexes
 + Level 5.4 Charms
 + Level 5.4 Summonings
 + Level 5.4 Necromancy
 + Level 7.8 Translocations
 + Level 5.4 Transmutations
 + Level 5.4 Fire Magic
 + Level 5.4 Ice Magic
 + Level 5.4 Air Magic
 + Level 5.4 Earth Magic
 + Level 5.4 Poison Magic
 + Level 7.2 Invocations
 + Level 6.5 Evocations


You had 11 spell levels left.
You knew the following spells:

 Your Spells              Type           Power        Failure   Level  Hunger
a - Shroud of Golubria    Chrm/Tloc      ####......   2%          2    None
b - Blink                 Tloc           N/A          1%          2    None
c - Teleport Other        Tloc           ####....     2%          3    ##.....
d - Passage of Golubria   Tloc           N/A          9%          4    ####...
e - Gell's Gravitas       Tloc           ####......   2%          3    ##.....
f - Confusing Touch       Hex            ###...       2%          1    None

Your spell library contained the following spells:

 Spells                   Type           Power        Failure   Level  Hunger
 Apportation              Tloc           ####..       1%          1    None
 Animate Skeleton         Necr           N/A          2%          1    None
 Beastly Appendage        Tmut           ###...       2%          1    None
 Summon Small Mammal      Summ           ###.         2%          1    None
 Lesser Beckoning         Tloc           ####......   2%          3    ##.....
 Sticks to Snakes         Tmut           ###.....     3%          2    None
 Spider Form              Tmut/Pois      ###.......   7%          3    ##.....
 Ice Form                 Ice/Tmut       ###.....     22%         4    ####...
 Blade Hands              Tmut           ###.......   54%         5    #####..


Dungeon Overview and Level Annotations

Branches:
Dungeon (11/15)            Temple (0/1) D:7            Lair (0/6) D:8
    Orc (0/2) D:10

Altars:
Ashenzari
Dithmenos
Elyvilon
Fedhas
Gozag
Kikubaaqudgha
Nemelex Xobeh
Qazlal
Trog
Vehumet
Wu Jian
Xom
Zin
Beogh

Shops:
D:6 *


Innate Abilities, Weirdness & Mutations

Your experience applies equally to all skills.
You have very sharp teeth.
Your uncanny sense of smell can sniff out nearby items.


Message History

The cyclops shouts!
You hit the freezing wraith but do no damage.
The freezing wraith is heavily damaged.
The freezing wraith completely misses you.
The freezing wraith closely misses you. The freezing wraith misses you.
The freezing wraith hits you!
You hit the freezing wraith.
The freezing wraith is heavily damaged.
The freezing wraith hits you but does no damage.
The freezing wraith misses you.
The freezing wraith hits you but does no damage.
The freezing wraith barely misses you. The freezing wraith closely misses you.
The freezing wraith misses you. The freezing wraith closely misses you.
The freezing wraith barely misses you. The freezing wraith hits you!
* * * LOW HITPOINT WARNING * * *
The freezing wraith freezes you!
* * * LOW HITPOINT WARNING * * *
The freezing wraith hits you!
You die...

.###..........)........# .#
#.#######............ .# #.#
#####.###'###############
.###.###...#.###.# #..#.....#
........)....#...##### #.#....H#
.)...###.....#.#.#.#.###.'.#.#.#
###### #.....###...##..#.#.....#
#.....# #.######..#.....#
####..# #@## #C#####'### #..#
##W###.# ##.#.## #..#####.#.#∆
#.#†#.# ...##C..###∆ ∆ #.#.#.# .
#.#### ∆ ∆#.#.#.# .+ ##.##
##.#.## .# ###'###########W###
#...C.#.....#..#..#
#.###.###C###|.##.#


You could see a freezing wraith.

Vanquished Creatures
  2 two-headed ogres (D:8)
  Pikel (D:8)
  A manticore (D:11)
  A centaur zombie (D:10)
  A tengu conjurer (D:11)
  2 slime creatures (D:11)
  4 hippogriffs
  6 yaks
  A shadow (D:11)
  A spriggan (D:7)
  A wyvern (D:10)
  Eustachio (D:5)
  3 hungry ghosts
  Duvessa (D:7)
  A water moccasin (D:7)
  3 porcupines
  A black bear (D:6)
  An eye of draining (D:11)
  A sky beast (D:11)
  An ice beast (D:6)
  A necrophage (D:10)
  6 orc warriors
  A boggart (D:11)
  6 centaurs
  9 ogres
  3 crocodiles
  2 big kobolds
  7 bullfrogs
  2 gnoll sergeants (D:7)
  A wyvern skeleton (D:11)
  Dowan (D:7)
  6 scorpions
  3 wights
  5 howler monkeys
  6 crimson imps
  A bullfrog zombie (D:5)
  2 quasits
  2 bullfrog skeletons (D:4)
  5 hounds
  5 jellies
  6 orc wizards
  5 orc priests
  A centaur skeleton (D:9)
  4 iguanas
  Jessica (D:2)
  7 worker ants
  Terence (D:2)
  2 worker ant zombies
  13 adders
  6 gnolls (D:7)
  5 shadow imps
  4 adder skeletons
  An adder zombie (D:5)
  5 worms
  2 dart slugs
  8 leopard geckos
  54 orcs
  7 bats
  6 giant cockroaches
  5 goblins
  7 hobgoblins
  5 jackals
  18 kobolds
  8 quokkas
  2 ball pythons (D:1)
  4 frilled lizards
  2 giant cockroach zombies
  A jackal skeleton (D:7)
  A leopard gecko zombie (D:4)
  A quokka zombie (D:7)
  6 rats
  A plant (D:8)
307 creatures vanquished.

Vanquished Creatures (others)
  2 slaves (D:8)
  A frilled lizard (D:2)
  A fungus (D:8)
4 creatures vanquished.

Grand Total: 311 creatures vanquished

Notes
Turn   | Place    | Note
-------+----------+-------------------------------------------
     0 | D:1      | Emblim88 the Gnoll Warper began the quest for the Orb.
     0 | D:1      | Reached XP level 1. HP: 20/20 MP: 6/6
   423 | D:1      | Reached XP level 2. HP: 26/26 MP: 7/7
  1210 | D:2      | Learned a level 2 spell: Shroud of Golubria
  1214 | D:2      | Reached skill level 5 in Spellcasting
  1214 | D:2      | Reached XP level 3. HP: 29/31 MP: 5/9
  1251 | D:2      | Learned a level 2 spell: Blink
  1255 | D:2      | Learned a level 3 spell: Teleport Other
  1300 | D:2      | Noticed Terence
  1313 | D:2      | Found a shimmering altar of Xom.
  1593 | D:2      | HP: 1/31 [Terence/+0 short sword of electrocution (6)]
  1596 | D:2      | Killed Terence
  1596 | D:2      | Reached skill level 1 in Short Blades
  1596 | D:2      | Reached skill level 1 in Axes
  1596 | D:2      | Reached skill level 1 in Maces & Flails
  1596 | D:2      | Reached skill level 1 in Polearms
  1596 | D:2      | Reached skill level 1 in Staves
  1596 | D:2      | Reached skill level 1 in Slings
  1596 | D:2      | Reached skill level 1 in Bows
  1596 | D:2      | Reached skill level 1 in Crossbows
  1596 | D:2      | Reached skill level 1 in Stealth
  1596 | D:2      | Reached skill level 1 in Shields
  1596 | D:2      | Reached skill level 1 in Unarmed Combat
  1596 | D:2      | Reached skill level 1 in Invocations
  1596 | D:2      | Reached skill level 1 in Evocations
  1596 | D:2      | Reached XP level 4. HP: 1/38 MP: 11/11
  2304 | D:2      | Reached skill level 1 in Conjurations
  2304 | D:2      | Reached skill level 1 in Hexes
  2304 | D:2      | Reached skill level 1 in Charms
  2304 | D:2      | Reached skill level 1 in Summonings
  2304 | D:2      | Reached skill level 1 in Necromancy
  2304 | D:2      | Reached skill level 1 in Transmutations
  2304 | D:2      | Reached skill level 1 in Fire Magic
  2304 | D:2      | Reached skill level 1 in Ice Magic
  2304 | D:2      | Reached skill level 1 in Air Magic
  2304 | D:2      | Reached skill level 1 in Earth Magic
  2304 | D:2      | Reached skill level 1 in Poison Magic
  2638 | D:2      | Noticed Jessica
  2650 | D:2      | Killed Jessica
  2650 | D:2      | Reached XP level 5. HP: 43/43 MP: 10/12
  2704 | D:3      | Found an ornate altar of the Wu Jian Council.
  2722 | D:3      | Became a worshipper of the Wu Jian Council
  3246 | D:3      | Learned a level 4 spell: Passage of Golubria
  3250 | D:3      | Learned a level 3 spell: Gell's Gravitas
  3530 | D:4      | Noticed an ogre
  3576 | D:3      | Reached XP level 6. HP: 11/50 MP: 10/13
  4124 | D:4      | Reached skill level 5 in Fighting
  4124 | D:4      | Reached skill level 5 in Long Blades
  4124 | D:4      | Reached skill level 5 in Dodging
  4210 | D:4      | Reached XP level 7. HP: 56/56 MP: 15/15
  4305 | D:4      | Reached * piety under Wu Jian
  6453 | D:4      | HP: 2/56 [ogre/+0 giant club (23)]
  6857 | D:4      | Reached XP level 8. HP: 28/63 MP: 12/16
  7119 | D:5      | Entered Level 5 of the Dungeon
  7146 | D:5      | Noticed Eustachio
  8433 | D:5      | Killed Eustachio
  8447 | D:5      | Found an opulent altar of Gozag.
  8448 | D:5      | Found a glowing silver altar of Zin.
  8669 | D:6      | Found a white marble altar of Elyvilon.
  9005 | D:6      | Reached XP level 9. HP: 67/69 MP: 15/18
  9039 | D:6      | Reached ** piety under Wu Jian
  9152 | D:6      | Found Puqez's Assorted Antiques.
  9156 | D:6      | Bought a pair of embroidered boots for 202 gold pieces
  9661 | D:7      | Reached skill level 5 in Throwing
  9661 | D:7      | Reached skill level 5 in Armour
  9711 | D:7      | Found a staircase to the Ecumenical Temple.
  9996 | D:7      | Found an ancient bone altar of Kikubaaqudgha.
 10082 | D:7      | Noticed Dowan
 10084 | D:7      | Noticed Duvessa
 10094 | D:7      | Killed Duvessa
 10099 | D:7      | Killed Dowan
 10099 | D:7      | Reached skill level 5 in Invocations
 10231 | D:7      | Found a blossoming altar of Fedhas.
 10611 | D:7      | Reached *** piety under Wu Jian
 10694 | D:7      | Found a sparkling altar of Nemelex Xobeh.
 10698 | D:7      | Found a shattered altar of Ashenzari.
 10701 | D:7      | Found a stormy altar of Qazlal.
 10789 | D:7      | Reached XP level 10. HP: 75/77 MP: 17/20
 11217 | D:7      | Found a bloodstained altar of Trog.
 11404 | D:8      | Found a staircase to the Lair.
 11410 | D:8      | Reached skill level 5 in Short Blades
 11410 | D:8      | Reached skill level 5 in Axes
 11410 | D:8      | Reached skill level 5 in Maces & Flails
 11410 | D:8      | Reached skill level 5 in Polearms
 11410 | D:8      | Reached skill level 5 in Staves
 11410 | D:8      | Reached skill level 5 in Slings
 11410 | D:8      | Reached skill level 5 in Bows
 11410 | D:8      | Reached skill level 5 in Crossbows
 11410 | D:8      | Reached skill level 5 in Stealth
 11410 | D:8      | Reached skill level 5 in Shields
 11410 | D:8      | Reached skill level 5 in Unarmed Combat
 11410 | D:8      | Reached skill level 5 in Evocations
 12465 | D:8      | Noticed Pikel
 12475 | D:8      | Killed Pikel
 12499 | D:8      | Noticed a two-headed ogre
 12523 | D:8      | Killed a two-headed ogre
 12612 | D:8      | Noticed a two-headed ogre
 13286 | D:8      | Killed a two-headed ogre
 13286 | D:8      | Reached XP level 11. HP: 21/84 MP: 22/22
 13611 | D:8      | Learned a level 1 spell: Confusing Touch
 14559 | D:9      | Found a shadowy altar of Dithmenos.
 14653 | D:9      | Identified the +1 ring mail "Ziemy" {rElec rPois Dex+2}
 14670 | D:9      | Reached skill level 5 in Conjurations
 14670 | D:9      | Reached skill level 5 in Hexes
 14670 | D:9      | Reached skill level 5 in Charms
 14670 | D:9      | Reached skill level 5 in Summonings
 14670 | D:9      | Reached skill level 5 in Necromancy
 14670 | D:9      | Reached skill level 5 in Transmutations
 14670 | D:9      | Reached skill level 5 in Fire Magic
 14670 | D:9      | Reached skill level 5 in Ice Magic
 14670 | D:9      | Reached skill level 5 in Air Magic
 14670 | D:9      | Reached skill level 5 in Earth Magic
 14670 | D:9      | Reached skill level 5 in Poison Magic
 14823 | D:9      | Found a radiant altar of Vehumet.
 15045 | D:10     | Entered Level 10 of the Dungeon
 15267 | D:10     | Reached **** piety under Wu Jian
 15608 | D:10     | Found a roughly hewn altar of Beogh.
 15799 | D:10     | Reached ***** piety under Wu Jian
 16086 | D:10     | Found a staircase to the Orcish Mines.
 16614 | D:11     | Noticed a manticore
 16621 | D:11     | Killed a manticore
 16851 | D:11     | Noticed a cyclops
 16877 | D:11     | Noticed a manticore
 17414 | D:11     | Slain by a freezing wraith

Skill      XL: |  1  2  3  4  5  6  7  8  9 10 11 |
---------------+----------------------------------+-----
Spellcasting   | 5 6 7 8 |  8.3
Short Blades   | 1 2 3 4 5 6 |  6.5
Axes           | 1 2 3 4 5 6 |  6.5
Maces & Flails | 1 2 3 4 5 6 |  6.5
Polearms       | 1 2 3 4 5 6 |  6.5
Staves         | 1 2 3 4 5 6 |  6.5
Slings         | 1 2 3 4 5 6 |  6.5
Bows           | 1 2 3 4 5 6 |  6.5
Crossbows      | 1 2 3 4 5 6 |  6.5
Stealth        | 1 2 3 4 5 6 |  6.5
Shields        | 1 2 3 4 5 6 |  6.5
Unarmed Combat | 1 2 3 4 5 6 |  6.5
Invocations    | 1 2 3 4 5 6 7 |  7.2
Evocations     | 1 2 3 4 5 6 |  6.5
Conjurations   | 1 2 3 4 5 |  5.4
Hexes          | 1 2 3 4 5 |  5.4
Charms         | 1 2 3 4 5 |  5.4
Summonings     | 1 2 3 4 5 |  5.4
Necromancy     | 1 2 3 4 5 |  5.4
Transmutations | 1 2 3 4 5 |  5.4
Fire Magic     | 1 2 3 4 5 |  5.4
Ice Magic      | 1 2 3 4 5 |  5.4
Air Magic      | 1 2 3 4 5 |  5.4
Earth Magic    | 1 2 3 4 5 |  5.4
Poison Magic   | 1 2 3 4 5 |  5.4
Throwing       | 3 4 5 6 7 |  7.1
Armour         | 3 4 5 6 7 |  7.1
Fighting       | 5 6 7 8 |  8.1
Long Blades    | 5 6 7 8 |  8.1
Dodging        | 5 6 7 8 |  8.1
Translocations | 6 7 |  7.8

Action                   |  1- 3 |  4- 6 |  7- 9 | 10-12 || total
-------------------------+-------+-------+-------+-------++-------
Melee: Falchion          |    68 |   222 |   255 |   459 ||  1004
       Bite              |    14 |    20 |    77 |   112 ||   223
       Punch             |       |       |     9 |    26 ||    35
       Great sword       |       |       |   188 |   165 ||   353
Throw: Tomahawk          |       |       |    28 |    49 ||    77
       Throwing net      |       |       |     1 |       ||     1
 Cast: Shroud of Golubri |     3 |     7 |    20 |    14 ||    44
       Blink             |     1 |       |       |       ||     1
       Confusing Touch   |       |       |       |    11 ||    11
Invok: Lunge             |       |    14 |    21 |    31 ||    66
       Whirlwind         |       |       |     1 |     7 ||     8
       Serpent's Lash    |       |       |       |     3 ||     3
Evoke: Wand              |       |       |     5 |     4 ||     9
  Use: Potion            |     2 |     1 |     3 |     5 ||    11
       Scroll            |       |     6 |     9 |     7 ||    22
 Stab: Sleeping          |     2 |     6 |     9 |     5 ||    22
       Invisible         |       |       |       |     1 ||     1
       Confused          |       |       |       |    11 ||    11
  Eat: Ration            |     1 |     2 |     1 |     4 ||     8
       Chunk             |       |     1 |    26 |     6 ||    33
Armor: Leather armour    |    23 |    46 |    98 |    68 ||   235
       Ring mail         |       |       |       |   115 ||   115
Dodge: Dodged            |    70 |   139 |   393 |   549 ||  1151
       Rpst.: Falchion   |    16 |    48 |    53 |    67 ||   184
       Great sword       |       |       |    49 |    62 ||   111
